 Dungeon Crawl Stone Soup version 0.25-a0-583-g696c2ac64d (webtiles) character file.

Game seed: 8080777264386977277, levelgen mode: deterministic

29 DerDa the Chiller (level 3, -1/24 HPs)
             Began as a Demonspawn Ice Elementalist on Mar 8, 2020.
             Slain by Jessica (5 damage)
             ... on level 2 of the Dungeon.
             The game lasted 00:03:53 (1092 turns).

DerDa the Chiller (Demonspawn Ice Elementalist)     Turns: 1092, Time: 00:03:53

Health: -1/24      AC:  4    Str:  8    XL:     3   Next: 1%
Magic:  6/7        EV: 12    Int: 17    God:
Gold:   93         SH:  0    Dex: 13    Spells: 6/7 levels left

rFire    . . .     SeeInvis .   k - +0 club
rCold    . . .     Gourm    .   (no shield)
rNeg     . . .     Faith    .   a - +0 robe
rPois    .         Spirit   .   (no helmet)
rElec    .         Reflect  .   (no cloak)
rCorr    .         Harm     .   (no gloves)
MR       +....     Rnd*Tele +   (no boots)
Stlth    ++........             j - amulet of rage
HPRegen  0.08/turn              f - ring of teleportation (curse)
MPRegen  0.10/turn              h - ring of protection from magic

@: berserk cooldown, slowed, very slow
A: talons 1, iridescent scales 1
a: Evoke Berserk Rage


You were on level 2 of the Dungeon.
You were hungry.

You visited 1 branch of the dungeon, and saw 2 of its levels.

You collected 93 gold pieces.

Inventory:

Hand Weapons
 k - a +0 club (weapon)
Missiles
 b - 45 stones (quivered)
 g - 23 poisoned darts
 i - 16 bolts
Armour
 a - a +0 robe (worn)
Jewellery
 f - a cursed ring of teleportation (left hand)
 h - a ring of protection from magic (right hand)
 j - an amulet of rage (around neck)
Scrolls
 l - a scroll of amnesia {unknown}
 m - a scroll of blinking {unknown}
Potions
 e - a potion of curing {unknown}
Comestibles
 c - 4 rations
 d - 5 chunks of flesh


   Skills:
 - Level 1.7 Dodging
 - Level 1.7 Stealth
 * Level 2.7 Spellcasting
 * Level 4.1 Ice Magic


You had 6 spell levels left.
You knew the following spells:

 Your Spells              Type           Power        Failure   Level  Hunger
a - Freeze                Ice            ###.         3%          1    #......

Your spell library contained the following spells:

 Spells                   Type           Power        Failure   Level  Hunger
 Frozen Ramparts          Ice            ###...       10%         3    ###....
 Ozocubu's Armour         Chrm/Ice       #.......     24%         3    ###....
 Hailstorm                Conj/Ice       #.......     61%         4    #####..
 Summon Ice Beast         Ice/Summ       #.......     61%         4    #####..


Dungeon Overview and Level Annotations

Branches:
Dungeon (2/15)

Altars:

Annotations:
D:2 Jessica


Innate Abilities, Weirdness & Mutations

You have sharp toenails.
You are partially covered in iridescent scales. (AC +2)


Message History

You hit Jessica but do no damage. You claw Jessica.
Jessica is moderately wounded.
Jessica misses you. Jessica hits you but does no damage.
Jessica shouts, "You're disturbing me!
I'll have to kill you!" Jessica hits you.
* * * LOW HITPOINT WARNING * * *
You hit Jessica.
Jessica is heavily wounded.
Jessica hits you but does no damage. Jessica hits you.
* * * LOW HITPOINT WARNING * * *
Jessica closely misses you.
Casting: Freeze (safe; 3% risk of failure)
Confirm with . or Enter, or press ? or * to list all spells.
Aiming: Freeze (safe; 3% risk of failure)
Press: ? - help, Shift-Dir - straight line, f - Jessica
Aim: Jessica, wearing a +0 robe (heavily wounded, fast)
You freeze Jessica.
Jessica is almost dead.
Jessica barely misses you. Jessica hits you.
You die...

#####
##########.#.#####
#.................
#@########.#.#####
#@#......#.# #
#.#.####.#.#.#
#.#.# #.#.#.#
#.#.# #.#.#.# ###
#.#.# #.#.#.#....
#.#.# #.#.#.#....
#.#.# #.#.#.#....
#.#.####.#.#.#....


You could see Jessica.

Vanquished Creatures
  An adder (D:2)
  A dart slug (D:1)
  A leopard gecko (D:2)
  A bat (D:1)
  5 goblins
  2 hobgoblins (D:1)
  2 frilled lizards (D:2)
  A kobold (D:1)
  3 rats (D:1)
17 creatures vanquished.

Notes
Turn   | Place    | Note
-------+----------+-------------------------------------------
     0 | D:1      | DerDa the Demonspawn Ice Elementalist began the quest for
                  | the Orb.
     0 | D:1      | Reached XP level 1. HP: 13/13 MP: 3/3
   449 | D:1      | Gained mutation: You are partially covered in iridescent
                  | scales. (AC +2) [demonic ancestry]
   449 | D:1      | Reached XP level 2. HP: 19/19 MP: 3/5
   840 | D:2      | Reached skill level 4 in Ice Magic
  1012 | D:2      | Gained mutation: You have sharp toenails. [demonic
                  | ancestry]
  1012 | D:2      | Reached XP level 3. HP: 23/24 MP: 4/7
  1017 | D:2      | Noticed Jessica
  1092 | D:2      | Slain by Jessica

Levels and vault maps discovered:
D:1:      kilobyte_arrival_exit_the_forest, layout_basic
D:2:      layout_basic, tso_oasis_becter, chequers_ecumenical_altar_lobes,
          nrook_loot_triangle, uniq_jessica

Skill      XL: |  1  2 |
---------------+-------+-----
Ice Magic      | 4 |  4.1
Dodging        | |  1.7
Stealth        | |  1.7
Spellcasting   | |  2.7

Action                   || total
-------------------------++-------
Melee: Club              ||     8
       Kick              ||     2
 Cast: Freeze            ||    28
 Abil: Evoke Berserk Rag ||     1
  Eat: Chunk             ||     1
Armor: Robe              ||     9
Dodge: Dodged            ||    16

Table legend:
 A = Non-vault XP
 B = Vault XP
 C = Vault XP percentage of total XP
 D = Non-vault monster count
 E = Vault monster count
 F = Vault count percentage of total count
                 A         B        C        D         E       F
            +---------+---------+-------+---------+---------+-------
      Total |      42 |       0 |   0.0 |      17 |       0 |   0.0
            +---------+---------+-------+---------+---------+-------
        D:1 |      22 |       0 |   0.0 |      12 |       0 |   0.0
        D:2 |      20 |       0 |   0.0 |       5 |       0 |   0.0
            +---------+---------+-------+---------+---------+-------
